cohdb
Replays
Latest Replays
All Replays
Popular Replays
Top Player Replays
Match Explorer
How It Works
Community
CoH3 Stats
Reddit
Sign in to upload your games and track your stats! →
Sign in with Steam
Match 38314495
Unlisted
Match 38314495
Overview
Messages
Build Orders
End
Kradschützen Motorcycle Team
Panzergrenadier Squad
Selects Armored Support Battlegroup
Panzergrenadier Squad
Construct Light Support Kompanie
Selects Salvage Kits
Fire Support Elements
Veteran Squad Leaders
Vehicle Survival Package
Panzerjäger Mechanized Group
2.5-tonne Medical Truck
Panzergrenadier Squad
Selects Superior Fire Drills
Construct Panzerarmee Kommand
MG34 Team
Selects Flammpanzer III Medium Tank
Emergency Repair Kits
Panzerjäger Mechanized Group
Flak 36 Anti-tank Gun Team
Panzer III L Medium Tank
Salis
娘希匹,优势在我!
0
0
Comments
sign in to comment!
No comments posted yet!